 Dungeon Crawl Stone Soup version 0.19-a0-1238-gee6bd96 (webtiles) character file.

299 poirepourri the Conjurer (level 6, -5/46 HPs)
             Began as a Draconian Conjurer on Aug 26, 2016.
             Slain by a worm (9 damage)
             ... on level 2 of the Dungeon.
             The game lasted 00:09:23 (6174 turns).

poirepourri the Conjurer (Draconian Conjurer)       Turns: 6174, Time: 00:09:25

Health: -5/46      AC:  6    Str: 10    XL:     6   Next: 13%
Magic:  4/13       EV: 12    Int: 19    God:
Gold:   106        SH:  0    Dex: 12    Spells: 4 memorised, 4 levels left

rFire  . . .     SeeInvis .     e - +0 short sword
rCold  . . .     Gourm    .     (armour unavailable)
rNeg   . . .     Faith    .     (no shield)
rPois  .         Spirit   .     (helmet restricted)
rElec  .         Dismiss  .     (no cloak)
rCorr  .         Reflect  .     (no gloves)
MR     .....     Harm     .     (no boots)
Stlth  ++........               (no amulet)
                                (no ring)
                                d - +2 ring of intelligence

@: no status effects
A: unfitting armour, cold-blooded, AC +6
a: no special abilities


You were on level 2 of the Dungeon.
You were not hungry.

You visited 1 branch of the dungeon, and saw 3 of its levels.

You collected 106 gold pieces.

Inventory:

Hand Weapons
 e - a +0 short sword (weapon)
Jewellery
 d - a +2 ring of intelligence (left hand)
Scrolls
 g - a scroll of remove curse
Potions
 c - a potion of flight
Books
 a - a book of Conjurations

   Spells                             Type                      Level
   a - Magic Dart                     Conjuration                  1
   b - Searing Ray                    Conjuration                  2
   c - Dazzling Spray                 Conjuration/Hexes            3
   d - Fulminant Prism                Conjuration/Hexes            4
   e - Iskenderun's Mystic Blast      Conjuration                  4
   f - Iskenderun's Battlesphere      Conjuration/Charms           5
Comestibles
 b - 3 chunks of flesh


   Skills:
 + Level 0.4 Fighting
 - Level 1.7 Dodging
 - Level 1.7 Stealth
 * Level 4.7 Spellcasting
 + Level 5.6 Conjurations


You had 4 spell levels left.
You knew the following spells:

 Your Spells              Type           Power        Failure   Level  Hunger
a - Magic Dart            Conj           ####         1%          1    None
b - Searing Ray           Conj           ####..       1%          2    #......
c - Dazzling Spray        Conj/Hex       ###...       14%         3    ##.....
d - Fulminant Prism       Conj/Hex       ###.......   50%         4    ####...


Dungeon Overview and Level Annotations

Branches:
Dungeon (3/15)

Altars:
Fedhas
Trog
The Shining One

Annotations:
D:3 Torious's ghost, amateur DECj


Innate Abilities, Weirdness & Mutations

Your plain brown scales are hard. (AC +6)
Your body does not fit into most forms of armour.
You are cold-blooded and may be slowed by cold attacks.


Message History

You finish channeling your searing ray.
The orc wizard casts a spell at you. You resist with some effort.
The worm bites you. The orc wizard hits you with a dagger.
The orc wizard hits you with a dagger. The worm bites you!
The orc wizard casts a spell at you. You resist with some effort.
Casting: Searing Ray
Confirm with . or Enter, or press ? or * to list all spells.
Aiming: Magic Dart
Press: ? - help, Shift-Dir - straight line, f/p - worm
Aim: a worm (heavily wounded)
The magic dart hits the worm.
The worm is heavily wounded.
The orc wizard gestures at you while chanting.
The puff of flame hits you!
* * * LOW HITPOINT WARNING * * *
The worm bites you!
You die...

...#..#####........# ###
...#..#.......#..### ####.#
.≈.#..#.#.###.#..#####....#
...#..#.#.....#).#...#.##.#
_≈....#.....###..#.#.#.##.#
≈.....#..........#.#.#.##.#
≈≈≈...#.###.###.##.#.#.##.#
......#.....###[o÷...#.##.#
......###.......@##.##.##.#
###.....'......).w......#.#
......###.......(##.#####.#
................#....[....#
......####......#.#.#######
#..(............'......#########
#...............#.#.##.........#
#.............###.#.########.###
#.............# #.#.# #.#


You could see a worm and an orc wizard.

Vanquished Creatures
  An ogre (D:3)
  Robin (D:2)
  3 gnolls (D:2)
  3 adders
  3 worms (D:2)
  4 dart slugs (D:1)
  6 giant geckos
  9 orcs
  7 giant cockroaches
  19 goblins
  9 hobgoblins
  4 jackals (D:3)
  8 kobolds
  3 quokkas
  10 bats
  9 giant newts
  17 rats
116 creatures vanquished.

Notes
Turn   | Place    | Note
-------+----------+-------------------------------------------
     0 | D:1      | poirepourri the Draconian Conjurer began the quest for the Orb.
     0 | D:1      | Reached XP level 1. HP: 14/14 MP: 3/3
   381 | D:1      | Reached XP level 2. HP: 20/20 MP: 0/5
  1228 | D:1      | Learned a level 2 spell: Searing Ray
  1240 | D:1      | Reached XP level 3. HP: 26/26 MP: 1/7
  2158 | D:1      | Learned a level 3 spell: Dazzling Spray
  2827 | D:2      | Found a blossoming altar of Fedhas.
  2901 | D:2      | Reached XP level 4. HP: 33/33 MP: 4/8
  2910 | D:2      | Noticed Robin
  3251 | D:2      | Killed Robin
  4022 | D:2      | Reached skill level 5 in Conjurations
  4176 | D:2      | Reached XP level 5. HP: 38/38 MP: 0/10
  4187 | D:2      | Found a bloodstained altar of Trog.
  5136 | D:3      | Learned a level 4 spell: Fulminant Prism
  5143 | D:3      | Noticed Torious's ghost (amateur DECj)
  5286 | D:3      | Noticed an ogre
  5291 | D:3      | Killed an ogre
  5291 | D:3      | Reached XP level 6. HP: 25/46 MP: 6/12
  5937 | D:3      | Found a glowing golden altar of the Shining One.
  6174 | D:2      | Slain by a worm

Vault maps used:
D:1:      shiori_shiawase, minmay_distorted
D:2:      fedhas_altar_2, first_bread, trog_butcher_becter, uniq_robin
D:3:      nicolae_tso_swordbearing_angel

Skill      XL: |  1  2  3  4  5 |
---------------+----------------+-----
Spellcasting   | 3 4 |  4.7
Conjurations   | 5 |  5.6
Fighting       | |  0.4
Dodging        | |  1.7
Stealth        | |  1.7

Action                   |  1- 3 |  4- 6 || total
-------------------------+-------+-------++-------
Melee: Short sword       |       |    14 ||    14
       Tailslap          |       |     2 ||     2
 Cast: Magic Dart        |    97 |   155 ||   252
       Searing Ray       |     3 |     7 ||    10
  Use: Scroll            |     3 |     6 ||     9
       Potion            |       |     3 ||     3
  Eat: Bread ration      |     1 |     1 ||     2
       Royal jelly       |     1 |       ||     1
       Chunk             |       |     4 ||     4
       Meat ration       |       |     1 ||     1
Armor: Skin              |     7 |    48 ||    55
Dodge: Dodged            |    18 |   114 ||   132
